| TOP OF THE 1ST |
|
Salt Lake Bees batting - Pitching for Charlotte Knights : LHP David Schultz
|
|
Pitching: LHP David Schultz
|
|
|
Batting: RHB Jeff Long
|
0-0: Ball 1-0: Foul Ball, location: 2F 1-1: Ball 2-1: Called Strike 2-2: Ball 3-2: Foul Ball, location: 2F 3-2: Foul Ball, location: 2F 3-2: Base on Balls
|
|
Batting: LHB Micah Miller
|
0-0: Ball Jeff Long steals 2nd base (no throw) 1-0: Ball 2-0: Called Strike 2-1: Ground out 5-3 (Groundball, 5, EV 80.6 MPH)
|
|
Batting: LHB Rusty Ney
|
0-0: Called Strike 0-1: Foul Ball, location: 2F 0-2: Ball 1-2: Foul Ball, location: 2F 1-2: DOUBLE (Line Drive, 7LM, EV 110.6 MPH) Jeff Long scores
|
|
Batting: RHB Andres Mendiola
|
0-0: Called Strike 0-1: SINGLE (Groundball, 6, EV 101.2 MPH) Rusty Ney to third Runner from 3rd tries for Home, SAFE, throw by LF to home Andres Mendiola to second
|
|
Batting: RHB Justin Lauderdale
|
0-0: Swinging Strike 0-1: Swinging Strike 0-2: Ball 1-2: Fly out, F8 (Flyball, 8RD, EV 95.0 MPH) Runner from 2nd tags up, SAFE at 3rd with throw by CF
|
|
Batting: RHB Jose Pineda
|
0-0: Ground out 6-3 (Groundball, 6, EV 96.2 MPH)
|
| Top of the 1st over - 2 runs, 2 hits, 0 errors, 1 left on base; Salt Lake 2 - Charlotte 0 |
| BOTTOM OF THE 1ST |
|
Charlotte Knights batting - Pitching for Salt Lake Bees : RHP Jared Pollard
|
|
Pitching: RHP Jared Pollard
|
|
|
Batting: LHB Matt Hyde
|
0-0: Ball 1-0: Called Strike 1-1: Called Strike 1-2: Ball 2-2: Foul Ball, location: 2F 2-2: SINGLE (Line Drive, 78M, EV 92.5 MPH)
|
|
Batting: RHB Brad Boals
|
0-0: Ball 1-0: Ball 2-0: Foul Ball, location: 2F 2-1: Ball 3-1: Base on Balls Matt Hyde to second
|
|
Batting: LHB John Thurman
|
0-0: Fly out, F9 (Flyball, 9D, EV 106.2 MPH)
|
|
Batting: LHB Angel Tellez
|
0-0: Called Strike 0-1: Ball 1-1: Fielders Choice at 2nd, 5-4 (Groundball, 56, EV 80.0 MPH) Matt Hyde to third
|
|
Batting: SHB Eduardo Maldonado
|
0-0: Foul Ball, location: 2F 0-1: Swinging Strike 0-2: Strikes out looking
|
| Bottom of the 1st over - 0 runs, 1 hit, 0 errors, 2 left on base; Salt Lake 2 - Charlotte 0 |
| TOP OF THE 2ND |
|
Salt Lake Bees batting - Pitching for Charlotte Knights : LHP David Schultz
|
|
Batting: RHB Jonathan Ellis
|
0-0: Ball 1-0: Ball 2-0: Called Strike 2-1: Foul Ball, location: 2F 2-2: Ball 3-2: Foul Ball, location: 2F 3-2: Fly out, F8 (Flyball, 8LD, EV 108.1 MPH)
|
|
Batting: RHB Juan Rosa
|
0-0: Called Strike 0-1: Ground out 6-3 (Groundball, 56, EV 80.6 MPH)
|
|
Batting: RHB Reginald McDougall
|
0-0: Fly out, F9 (Line Drive, 89S, EV 101.2 MPH)
|
| Top of the 2nd over - 0 runs, 0 hits, 0 errors, 0 left on base; Salt Lake 2 - Charlotte 0 |
| BOTTOM OF THE 2ND |
|
Charlotte Knights batting - Pitching for Salt Lake Bees : RHP Jared Pollard
|
|
Batting: LHB Larry Myers
|
0-0: Ball 1-0: Called Strike 1-1: Swinging Strike 1-2: Ball 2-2: Strikes out swinging
|
|
Batting: RHB Micah Brown
|
0-0: Called Strike 0-1: Foul Ball, location: 2F 0-2: Ball 1-2: Ball 2-2: Strikes out swinging
|
|
Batting: RHB Danny Longoria
|
0-0: Called Strike 0-1: Ball 1-1: Foul Ball, location: 2F 1-2: TRIPLE (Flyball, 8RXD, EV 103.1 MPH)
|
|
Batting: RHB John Iddings
|
0-0: Ground out 4-3 (Groundball, 4, EV 90.6 MPH)
|
| Bottom of the 2nd over - 0 runs, 1 hit, 0 errors, 1 left on base; Salt Lake 2 - Charlotte 0 |
| TOP OF THE 3RD |
|
Salt Lake Bees batting - Pitching for Charlotte Knights : LHP David Schultz
|
|
Batting: RHB Jeff Long
|
0-0: Fly out, F7 (Flyball, 7D, EV 101.9 MPH)
|
|
Batting: LHB Micah Miller
|
0-0: Ball 1-0: Called Strike 1-1: Ball 2-1: Ground out 2-3 (Groundball, 2L, EV 66.2 MPH)
|
|
Batting: LHB Rusty Ney
|
0-0: Ball 1-0: Foul Ball, location: 2F 1-1: Foul Ball, location: 2F 1-2: SINGLE (Groundball, 6, EV 96.2 MPH)
|
|
Batting: RHB Andres Mendiola
|
0-0: Called Strike 0-1: Ball 1-1: Swinging Strike 1-2: Foul Ball, location: 2F 1-2: Ball 2-2: SINGLE (Groundball, 25, EV 72.5 MPH) (infield hit) Rusty Ney to second
|
|
Batting: RHB Justin Lauderdale
|
0-0: Ball 1-0: Fly out, F9 (Flyball, 9, EV 88.8 MPH)
|
| Top of the 3rd over - 0 runs, 2 hits, 0 errors, 2 left on base; Salt Lake 2 - Charlotte 0 |
| BOTTOM OF THE 3RD |
|
Charlotte Knights batting - Pitching for Salt Lake Bees : RHP Jared Pollard
|
|
Batting: LHB Matt Hyde
|
0-0: Ball 1-0: Ground out 1-3 (Groundball, 15, EV 73.1 MPH)
|
|
Batting: RHB Brad Boals
|
0-0: Called Strike 0-1: Ball 1-1: Ball 2-1: Ground out 5-3 (Groundball, 56, EV 92.5 MPH)
|
|
Batting: LHB John Thurman
|
0-0: Swinging Strike 0-1: Foul Ball, location: 2F 0-2: Fly out, F9 (Flyball, 9, EV 94.4 MPH)
|
| Bottom of the 3rd over - 0 runs, 0 hits, 0 errors, 0 left on base; Salt Lake 2 - Charlotte 0 |
| TOP OF THE 4TH |
|
Salt Lake Bees batting - Pitching for Charlotte Knights : LHP David Schultz
|
|
Batting: RHB Jose Pineda
|
0-0: Ball 1-0: Swinging Strike 1-1: Ball 2-1: Ball 3-1: Ground out 4-3 (Groundball, 4, EV 92.5 MPH)
|
|
Batting: RHB Jonathan Ellis
|
0-0: Ball 1-0: Ball 2-0: Ground out 5-3 (Groundball, 56S, EV 80.0 MPH)
|
|
Batting: RHB Juan Rosa
|
0-0: Foul Ball, location: 2F 0-1: Ball 1-1: Called Strike 1-2: Strikes out swinging
|
| Top of the 4th over - 0 runs, 0 hits, 0 errors, 0 left on base; Salt Lake 2 - Charlotte 0 |
| BOTTOM OF THE 4TH |
|
Charlotte Knights batting - Pitching for Salt Lake Bees : RHP Jared Pollard
|
|
Batting: LHB Angel Tellez
|
0-0: Called Strike 0-1: Ball 1-1: Foul Ball, location: 2F 1-2: Strikes out swinging
|
|
Batting: SHB Eduardo Maldonado
|
0-0: Foul Ball, location: 2F 0-1: Ball 1-1: Foul Ball, location: 2F 1-2: Fly out, F7 (Flyball, 78S, EV 76.2 MPH)
|
|
Batting: LHB Larry Myers
|
0-0: Ball 1-0: Called Strike 1-1: Ground out 6-3 (Groundball, 6M, EV 90.0 MPH)
|
| Bottom of the 4th over - 0 runs, 0 hits, 0 errors, 0 left on base; Salt Lake 2 - Charlotte 0 |
| TOP OF THE 5TH |
|
Salt Lake Bees batting - Pitching for Charlotte Knights : LHP David Schultz
|
|
Batting: RHB Reginald McDougall
|
0-0: Called Strike 0-1: Ball 1-1: Ball 2-1: Foul Ball, location: 2F 2-2: Ball 3-2: Strikes out swinging
|
|
Batting: RHB Jeff Long
|
0-0: Ball 1-0: SINGLE (Groundball, 34, EV 110.6 MPH)
|
|
Batting: LHB Micah Miller
|
0-0: Fly out, F9 (Flyball, 89D, EV 94.4 MPH)
|
|
Batting: LHB Rusty Ney
|
0-0: Called Strike Pickoff Play to 1st, Runner tries for 2nd, OUT after rundown.
|
| Top of the 5th over - 0 runs, 1 hit, 0 errors, 0 left on base; Salt Lake 2 - Charlotte 0 |
| BOTTOM OF THE 5TH |
|
Charlotte Knights batting - Pitching for Salt Lake Bees : RHP Jared Pollard
|
|
Batting: RHB Micah Brown
|
0-0: Ball 1-0: Ball 2-0: Foul Ball, location: 2F 2-1: Foul Ball, location: 2F 2-2: Fly out, F9 (Flyball, 9LS, EV 81.9 MPH)
|
|
Batting: RHB Danny Longoria
|
0-0: Ball 1-0: Called Strike 1-1: Ball 2-1: Foul Ball, location: 2F 2-2: Foul Ball, location: 2F 2-2: Foul Ball, location: 2F 2-2: Foul Ball, location: 2F 2-2: DOUBLE (Line Drive, 89XD, EV 104.4 MPH)
|
|
Batting: RHB John Iddings
|
0-0: Called Strike 0-1: Ball 1-1: Ball 2-1: Ball 3-1: Fly out, F8 (Flyball, 8RM, EV 96.9 MPH)
|
|
Batting: LHB Matt Hyde
|
0-0: Fly out, F5 (Line Drive, 5L, EV 65.6 MPH)
|
| Bottom of the 5th over - 0 runs, 1 hit, 0 errors, 1 left on base; Salt Lake 2 - Charlotte 0 |
| TOP OF THE 6TH |
|
Salt Lake Bees batting - Pitching for Charlotte Knights : LHP David Schultz
|
|
Batting: LHB Rusty Ney
|
0-0: Fly out, F6 (Popup, 6MS, EV 78.1 MPH)
|
|
Batting: RHB Andres Mendiola
|
0-0: Ball 1-0: Ball 2-0: Ball 3-0: Base on Balls
|
|
Batting: RHB Justin Lauderdale
|
0-0: Ball Andres Mendiola is caught stealing 2nd base 2-4 1-0: Swinging Strike 1-1: Swinging Strike 1-2: Strikes out swinging
|
| Top of the 6th over - 0 runs, 0 hits, 0 errors, 0 left on base; Salt Lake 2 - Charlotte 0 |
| BOTTOM OF THE 6TH |
|
Charlotte Knights batting - Pitching for Salt Lake Bees : RHP Jared Pollard
|
|
Batting: RHB Brad Boals
|
0-0: Ground out 6-3 (Groundball, 6M, EV 105.0 MPH)
|
|
Batting: LHB John Thurman
|
0-0: Called Strike 0-1: Ground out 5-3 (Groundball, 56, EV 82.5 MPH)
|
|
Batting: LHB Angel Tellez
|
0-0: Called Strike 0-1: SINGLE (Groundball, 6MD, EV 96.9 MPH)
|
|
Batting: SHB Eduardo Maldonado
|
0-0: Called Strike 0-1: Called Strike 0-2: SINGLE (Line Drive, 34D, EV 99.4 MPH) Angel Tellez to second
|
|
Batting: LHB Larry Myers
|
0-0: Called Strike 0-1: Ball 1-1: SINGLE (Groundball, 4MD, EV 98.1 MPH) Angel Tellez to third Eduardo Maldonado to second Runner from 3rd tries for Home, throw by CF and OUT! 8-2
|
| Bottom of the 6th over - 0 runs, 3 hits, 0 errors, 2 left on base; Salt Lake 2 - Charlotte 0 |
| TOP OF THE 7TH |
|
Salt Lake Bees batting - Pitching for Charlotte Knights : LHP David Schultz
|
|
Batting: RHB Jose Pineda
|
0-0: Ball 1-0: Ball 2-0: Called Strike 2-1: Foul Ball, location: 2F 2-2: Strikes out swinging
|
|
Batting: RHB Jonathan Ellis
|
0-0: Foul Ball, location: 2F 0-1: Ball 1-1: Ball 2-1: Ground out 5-3 (Groundball, 56S, EV 84.4 MPH)
|
|
Batting: RHB Juan Rosa
|
0-0: Ball 1-0: Called Strike 1-1: Ball 2-1: Swinging Strike 2-2: Strikes out swinging
|
| Top of the 7th over - 0 runs, 0 hits, 0 errors, 0 left on base; Salt Lake 2 - Charlotte 0 |
| BOTTOM OF THE 7TH |
|
Charlotte Knights batting - Pitching for Salt Lake Bees : RHP Jared Pollard
|
|
Batting: RHB Micah Brown
|
0-0: Called Strike 0-1: Ball 1-1: Ball 2-1: Swinging Strike 2-2: Strikes out swinging
|
|
Pinch Hitting: LHB Dustin Taylor
|
0-0: Called Strike 0-1: Foul Ball, location: 2F 0-2: Fly out, F8 (Line Drive, 89D, EV 87.5 MPH)
|
|
Pinch Hitting: LHB Alberto Carrasco
|
0-0: Ball 1-0: Foul Ball, location: 2F 1-1: Swinging Strike 1-2: Foul Ball, location: 2F 1-2: Ball 2-2: Ground out 4-3 (Groundball, 4, EV 108.8 MPH)
|
| Bottom of the 7th over - 0 runs, 0 hits, 0 errors, 0 left on base; Salt Lake 2 - Charlotte 0 |
| TOP OF THE 8TH |
|
Salt Lake Bees batting - Pitching for Charlotte Knights : LHP David Schultz
|
|
Pitching: RHP Tommy Benedict
|
|
|
Now at 2B: Ching-hsia Zhang
|
|
|
Now at 3B: John DeVillier
|
|
|
Now at SS: Micah Brown
|
|
|
Batting: RHB Reginald McDougall
|
0-0: Fly out, F8 (Line Drive, 8RM, EV 95.0 MPH)
|
|
Batting: RHB Jeff Long
|
0-0: Ball 1-0: Swinging Strike 1-1: Swinging Strike 1-2: Foul Ball, location: 2F 1-2: Strikes out swinging
|
|
Batting: LHB Micah Miller
|
0-0: Ground out 6-3 (Groundball, 6, EV 105.6 MPH)
|
| Top of the 8th over - 0 runs, 0 hits, 0 errors, 0 left on base; Salt Lake 2 - Charlotte 0 |
| BOTTOM OF THE 8TH |
|
Charlotte Knights batting - Pitching for Salt Lake Bees : RHP Jared Pollard
|
|
Pitching: RHP Ricky Castillo
|
|
|
Batting: LHB Matt Hyde
|
0-0: Called Strike 0-1: Ball 1-1: Ball 2-1: Called Strike 2-2: Ball 3-2: SINGLE (Line Drive, 56D, EV 98.1 MPH)
|
|
Batting: RHB Brad Boals
|
0-0: Ball 1-0: Called Strike 1-1: Called Strike 1-2: Ball 2-2: Ball 3-2: Base on Balls Matt Hyde to second
|
|
Batting: LHB John Thurman
|
0-0: Ball 1-0: Foul Ball, location: 2F 1-1: Ball 2-1: Fly out, F7 (Flyball, 7, EV 82.5 MPH)
|
|
Batting: LHB Angel Tellez
|
0-0: Ball 1-0: Called Strike 1-1: Ball 2-1: Ball 3-1: Base on Balls Matt Hyde to third Brad Boals to second
|
|
Batting: SHB Eduardo Maldonado
|
0-0: Ball 1-0: Ball 2-0: Ball 3-0: Called Strike 3-1: Base on Balls Matt Hyde scores Brad Boals to third Angel Tellez to second
|
|
Batting: LHB Larry Myers
|
0-0: Called Strike 0-1: Swinging Strike 0-2: Hit by Pitch Brad Boals scores Angel Tellez to third Eduardo Maldonado to second
|
|
Pinch Hitting: LHB Hirakito Herring
|
0-0: Called Strike 0-1: Ball 1-1: Foul Ball, location: 2F 1-2: Ball 2-2: SINGLE (Groundball, 34D, EV 105.6 MPH) Angel Tellez scores Eduardo Maldonado to third Larry Myers to second
|
|
Pitching: RHP Nick Madrid
|
|
|
Batting: RHB Ching-hsia Zhang
|
0-0: Called Strike 0-1: Fly out, F8 (Flyball, 8RM, EV 79.4 MPH)
|
|
Batting: RHB John DeVillier
|
0-0: Ball 1-0: Ground out 4-3 (Groundball, 4S, EV 84.4 MPH)
|
| Bottom of the 8th over - 3 runs, 2 hits, 0 errors, 3 left on base; Salt Lake 2 - Charlotte 3 |
| TOP OF THE 9TH |
|
Salt Lake Bees batting - Pitching for Charlotte Knights : RHP Tommy Benedict
|
|
Pitching: LHP Steven Wolf
|
|
|
Now at 2B: Hirakito Herring
|
|
|
Now at SS: Ching-hsia Zhang
|
|
|
Batting: LHB Rusty Ney
|
0-0: Ball 1-0: Called Strike 1-1: Ball 2-1: Called Strike 2-2: Strikes out swinging
|
|
Batting: RHB Andres Mendiola
|
0-0: Reached on error, E6 (Groundball, 6, EV 101.9 MPH)
|
|
Batting: RHB Justin Lauderdale
|
0-0: Called Strike 0-1: Fielders Choice at 2nd, 5-4 (Groundball, 25, EV 76.9 MPH)
|
|
Batting: RHB Jose Pineda
|
0-0: Ball 1-0: Ball Justin Lauderdale steals 2nd base 2-0: Fly out, F9 (Flyball, 9LS, EV 80.6 MPH)
|
| Top of the 9th over - 0 runs, 0 hits, 1 error, 1 left on base; Salt Lake 2 - Charlotte 3 |
|